 Dungeon Sprint DCSS version 0.15.2 (webtiles) character file.

3281 MordorOrchid the Bringer of Life (level 10, -9/85 HPs)
             Began as a Gargoyle Healer on July 5, 2020.
             Was the Champion of Elyvilon.
             Mangled by a shadow (16 damage)
             ... summoned by a mummy priest
             ... in the Dungeon (Sprint V: "Ziggurat Sprint").
             The game lasted 00:09:08 (401 turns).

MordorOrchid the Bringer of Life (Gargoyle Healer)   Turns: 401, Time: 00:09:08

HP  -9/85        AC 24     Str 37      XL: 10   Next:  0%
MP  15/35        EV  3     Int 15      God: Elyvilon [******]
Gold 0           SH 30     Dex  9      Spells:  0 memorised, 10 levels left

rFire  + . .     SeeInvis .     v - +8 lance "Wyrmbane" {slay drac, +Rage rPois rF+ AC+5}
rCold  . . .     Clarity  .     Z - +1 scale mail {rPois}
rNeg   + + .     rCorr    .     t - +18 shield of the gong {rElec rN+ MR+ EV-5}
rPois  +         rRot     +     (no helmet)
rElec  +         Spirit   .     S - +0 cloak
SustAb .         Warding  .     J - +0 pair of gloves {Str+3}
rMut   .         NoTele   +     (no boots)
Gourm  .                        (no amulet)
MR     +....                    r - +6 ring of strength
                                q - +6 ring of strength

@: mighty, divinely vigorous, very slightly contaminated, somewhat resistant to
hostile enchantments, extremely unstealthy
A: negative energy resistance 1, electricity resistance, unbreathing,
petrification resistance, rot immunity, AC +7
a: Lesser Healing, Lesser Self-Healing, Divine Protection, Purification, Greater
Healing, Greater Self-Healing, Divine Vigour, Renounce Religion, Evoke Berserk
Rage


You were in the Dungeon.
You worshipped Elyvilon.
Elyvilon was exalted by your worship.
You were near starving.

You visited 1 branch

Inventory:

Hand weapons
 u - the +7 Singing Sword
   (You found it in the Dungeon)
 v - the +8 lance "Wyrmbane" (weapon) {slay drac, +Rage rPois rF+ AC+5}
   (You found it in the Dungeon)

   It affects your AC (+5).
   It protects you from fire.
   It protects you from poison.
   It lets you go berserk.
 X - a +0 mace
Missiles
 a - 2 throwing nets (quivered)
 O - 1000 arrows
Armour
 t - the +18 shield of the gong (worn) {rElec rN+ MR+ EV-5}
   (You found it in the Dungeon)

   It affects your evasion (-5).
   It insulates you from electricity.
   It protects you from negative energy.
   It affects your resistance to hostile enchantments.
 J - a +0 pair of gloves of strength (worn)
 M - a +5 fire dragon armour
 N - a +5 gold dragon armour
 S - a +0 cloak (worn)
 U - a +2 leather armour of cold resistance
 Z - a +1 scale mail of poison resistance (worn)
Magical devices
 i - a wand of disintegration (5)
 j - a wand of fire (4)
 k - a wand of cold (5)
 P - a wand of heal wounds (1)
Comestibles
 d - 6 bread rations
 w - 42 fruits
 x - 4 meat rations
Scrolls
 y - 4 scrolls of amnesia
 z - 3 scrolls of recharging
 A - 7 scrolls of fog
 B - a scroll of holy word
 C - 5 scrolls of identify
 D - 5 scrolls of remove curse
 E - 2 scrolls of fear
Jewellery
 o - a +6 ring of intelligence
 p - a +6 ring of intelligence
 q - a +6 ring of strength (left hand)
 r - a +6 ring of strength (right hand)
 V - the ring of Lysm {rF++ Stlth-}
   (You found it in the Dungeon)

   [ring of loudness]

   It greatly protects you from fire.
   It makes you less stealthy.
 W - an uncursed ring of wizardry
Potions
 b - 11 potions of curing
 c - 11 potions of heal wounds
 e - 4 potions of haste
 f - 7 potions of magic
 g - 3 potions of berserk rage
 F - 2 potions of brilliance
 G - a potion of invisibility
 H - 2 potions of restore abilities
 I - 4 potions of resistance
 K - 2 potions of agility
 L - 2 potions of might
Books
 m - a tome of Destruction
 n - a tome of Destruction
 T - the Catalogue of Conjuration
   (You found it in the Dungeon)

   Spells                             Type                      Level
   Shock                              Conjuration/Air              1
   Mephitic Cloud                     Conjuration/Poison/Air       3
   Iskenderun's Mystic Blast          Conjuration                  4
   Bolt of Magma                      Conjuration/Fire/Earth       5
   Bolt of Draining                   Conjuration/Necromancy       5
Magical staves
 l - an uncursed staff of energy
 R - an uncursed staff of wizardry
Miscellaneous
 s - a disc of storms
 Q - a sack of spiders


   Skills:
 - Level 9.1 Fighting
 * Level 7.4 Polearms
 * Level 9.1 Armour
 - Level 1.5 Dodging
 * Level 8.2 Shields
 * Level 0.6 Spellcasting
 - Level 14.7 Invocations
 - Level 8.1 Evocations


You had 10 spell levels left.
You didn't know any spells.

Dungeon Overview and Level Annotations

Branches:
Dungeon (1/1)

Altars:
Ashenzari
Cheibriados
Dithmenos
Elyvilon
Fedhas
Kikubaaqudgha
Makhleb
Nemelex Xobeh
Okawaru
Qazlal
Sif Muna
Trog
Vehumet
Xom
Yredelemnul
Zin
The Shining One
Beogh
Jiyva
Lugonu

Annotations:
D Blork the orc, Sigmund


Innate Abilities, Weirdness & Mutations

You are resistant to torment.
You are immune to poison.
Your stone body is very resilient (AC +7).
You resist negative energy.
You are resistant to electric shocks.
You can survive without breathing.
You are immune to petrification.
You are immune to rotting.


Message History

The mummy priest mumbles some strange prayers to its god.
Unknown command.
You are near starving!
You closely miss something.
The sixfirhy hits the necrophage.
The sixfirhy shocks the necrophage!
Unknown command.
You feel a little less agile now. You block the sixfirhy's attack.
GONNNNG!
You block the sixfirhy's attack.
GONNNNG!
You block the wraith's attack.
BOUMMMMG!
The flayed ghost hits you!
* * * LOW HITPOINT WARNING * * *
The necrophage hits you but does no damage.
You block the flying skull's attack.
BONNNG!
The shadow strikes at you from the darkness!
You die...

▓.........▓.......▓
▓.........▓.......▓
▓.........▓.......▓
▓.▓..)..▓.▓.▓...▓.▓
▓.........▓...(...▓
▓▓▓▓▓▓▓▓▓▓▓▓▓▓▓▓▓▓▓
▓...8©8...▓..8©8..▓
▓..})?3WW.▓..))...▓
▓...4)W4@.▓....}..▓
▓..z.M4znM▓.......▓
▓..WWW4Wz.▓.......▓
▓...MZM4WW▓.......▓
▓..MMMZ.W.▓.......▓
▓.▓M.MZV▓.▓.▓...▓.▓
▓....zW...▓.......▓
▓▓▓▓▓▓▓▓▓▓▓▓▓▓▓▓▓▓▓


You could see 4 mummy priests, a jiangshi, an ice devil, 5 flayed ghosts, an
orange demon, 2 phantasmal warriors, a guardian mummy, an iron devil, a spectral
bat, 2 sixfirhies, a blue devil, 4 wraiths, a necrophage, 2 flying skulls, 4
mummies, 2 wights, a giant newt skeleton and a bat skeleton.

Vanquished Creatures
  2 deep elf conjurers (D)
  A merfolk (D)
  2 slime creatures (D)
  A spriggan (D)
  A deep elf fighter (D)
  A jelly (D)
  Crazy Yiuf (D)
  2 orc priests (D)
  A sheep (D)
  2 giant eyeballs (D)
  An ooze (D)
  An orc (D)
  A spectral rat (D)
17 creatures vanquished.

Vanquished Creatures (others)
  An orange demon (D)
  A guardian mummy (D)
  A black bear (D)
  A centaur (D)
4 creatures vanquished.

Grand Total: 21 creatures vanquished

Notes
Turn   | Place    | Note
--------------------------------------------------------------
     0 | D        | MordorOrchid, the Gargoyle Healer, began the quest for the Orb.
     0 | D        | Reached XP level 1. HP: 12/12 MP: 2/2
     0 | D        | Found a roughly hewn altar of Beogh.
     0 | D        | Found a corrupted altar of Lugonu.
     1 | D        | Found a white marble altar of Elyvilon.
     2 | D        | Found a sparkling altar of Nemelex Xobeh.
     2 | D        | Found a burning altar of Makhleb.
     2 | D        | Found a deep blue altar of Sif Muna.
     3 | D        | Found a bloodstained altar of Trog.
     7 | D        | Found an iron altar of Okawaru.
    17 | D        | Found a radiant altar of Vehumet.
    29 | D        | Found an ancient bone altar of Kikubaaqudgha.
    30 | D        | Found a basalt altar of Yredelemnul.
    40 | D        | Found a shimmering altar of Xom.
    48 | D        | Reached skill level 8 in Shields
    48 | D        | Reached XP level 2. HP: 16/16 MP: 3/3
    53 | D        | Entered arena 1.
    53 | D        | Noticed an orc priest
    53 | D        | Noticed an orc priest
    55 | D        | Killed an orc priest
    55 | D        | Reached XP level 3. HP: 19/22 MP: 4/6
    56 | D        | Killed an orc priest
    56 | D        | Reached XP level 4. HP: 23/28 MP: 5/9
    64 | D        | Entered arena 2.
    64 | D        | Noticed a deep elf fighter
    64 | D        | Noticed a deep elf conjurer
    64 | D        | Noticed a deep elf conjurer
    71 | D        | Killed a deep elf conjurer
    71 | D        | Reached skill level 12 in Invocations
    71 | D        | Reached XP level 5. HP: 26/38 MP: 7/18
    71 | D        | Reached XP level 6. HP: 30/44 MP: 7/20
    71 | D        | Reached XP level 7. HP: 32/48 MP: 7/21
    73 | D        | Killed a deep elf conjurer
    73 | D        | Reached skill level 14 in Invocations
    73 | D        | Reached XP level 8. HP: 35/56 MP: 7/24
    75 | D        | Killed a deep elf fighter
    91 | D        | Entered arena 3.
    91 | D        | Noticed Sigmund
    91 | D        | Noticed Jessica
    91 | D        | Noticed Blork the orc
    91 | D        | Noticed Crazy Yiuf
    95 | D        | Killed Crazy Yiuf
    98 | D        | Pacified Jessica
    98 | D        | Reached skill level 1 in Armour
    99 | D        | Pacified Blork the orc
    99 | D        | Reached skill level 1 in Polearms
    99 | D        | Reached skill level 1 in Evocations
    99 | D        | Acquired Elyvilon's third power
   101 | D        | Pacified Sigmund
   114 | D        | Identified the Catalogue of Conjuration (You found it in the Dungeon)
   114 | D        | Identified the Catalogue of Conjuration (You found it in the Dungeon)
   190 | D        | Entered arena 4.
   190 | D        | Noticed a merfolk
   190 | D        | Noticed a merfolk
   190 | D        | Noticed a merfolk
   190 | D        | Noticed a merfolk
   191 | D        | Pacified a merfolk
   191 | D        | Acquired Elyvilon's fourth power
   193 | D        | Pacified a merfolk
   194 | D        | Pacified a merfolk
   204 | D        | Killed a merfolk
   204 | D        | Reached skill level 5 in Armour
   207 | D        | Got the ring "Doarr" {+Fly Stlth-}
   215 | D        | Got the ring of Lysm {rF++ Stlth-}
   217 | D        | Entered arena 5.
   217 | D        | Noticed an orc wizard
   217 | D        | Noticed an orc priest
   217 | D        | Noticed an orc priest
   217 | D        | Noticed an orc wizard
   218 | D        | Pacified an orc priest
   219 | D        | Pacified an orc priest
   223 | D        | Pacified an orc wizard
   223 | D        | Reached XP level 9. HP: 60/60 MP: 16/25
   224 | D        | Pacified an orc wizard
   255 | D        | Entered arena 6.
   255 | D        | Noticed a merfolk
   255 | D        | Noticed a cyclops
   255 | D        | Noticed a hippogriff
   255 | D        | Noticed a centaur
   256 | D        | Pacified a merfolk
   256 | D        | Reached skill level 5 in Evocations
   258 | D        | Pacified a cyclops
   258 | D        | Reached skill level 5 in Polearms
   258 | D        | Killed a centaur
   260 | D        | Pacified a hippogriff
   330 | D        | Entered arena 7.
   330 | D        | Noticed a jelly
   330 | D        | Noticed a slime creature
   330 | D        | Noticed a slime creature
   338 | D        | Killed a slime creature
   344 | D        | Killed a slime creature
   346 | D        | Killed a jelly
   359 | D        | Entered arena 8.
   359 | D        | Noticed a spriggan
   359 | D        | Noticed a spriggan rider
   359 | D        | Noticed a black bear
   359 | D        | Noticed a wolf
   359 | D        | Noticed a wolf
   359 | D        | Noticed a spriggan
   359 | D        | Noticed a spriggan
   360 | D        | Pacified a wolf
   361 | D        | Pacified a spriggan
   362 | D        | Pacified a spriggan rider
   363 | D        | Pacified a spriggan
   364 | D        | Pacified a wolf
   364 | D        | Killed a black bear
   367 | D        | Killed a spriggan
   379 | D        | Entered arena 9.
   379 | D        | Noticed a mummy priest
   379 | D        | Noticed a mummy priest
   379 | D        | Noticed a guardian mummy
   379 | D        | Noticed a mummy priest
   379 | D        | Noticed a guardian mummy
   379 | D        | Noticed a mummy priest
   380 | D        | Pacified a guardian mummy
   380 | D        | Reached XP level 10. HP: 66/66 MP: 20/27
   381 | D        | Noticed a sixfirhy
   384 | D        | Noticed a phantasmal warrior
   387 | D        | Noticed a flayed ghost
   387 | D        | Noticed a phantasmal warrior
   387 | D        | Noticed a jiangshi
   388 | D        | Noticed a flayed ghost
   389 | D        | Killed a guardian mummy
   391 | D        | Noticed a flayed ghost
   394 | D        | Noticed an ice devil
   395 | D        | Noticed a sixfirhy
   400 | D        | Noticed a flayed ghost
   400 | D        | Noticed a flayed ghost
   401 | D        | Mangled by a shadow

Action                   |  1- 3 |  4- 6 |  7- 9 | 10-12 || total
-------------------------+-------+-------+-------+-------++-------
Melee: Lance             |     2 |     4 |    33 |     2 ||    41
Invok: Lesser Healing    |       |       |    15 |       ||    15
       Greater Healing   |       |       |    11 |     6 ||    17
       Divine Vigour     |       |       |       |     1 ||     1
Evoke: Wand              |       |       |     3 |       ||     3
       tome              |       |       |       |     1 ||     1
  Use: Potion            |     5 |       |     5 |       ||    10
       Scroll            |       |       |       |     4 ||     4
 Stab: Sleeping          |     2 |     3 |     2 |       ||     7
       Invisible         |       |     1 |     1 |       ||     2
  Eat: Chunk             |       |       |     5 |     2 ||     7
